Gangsters vs Sewer Rats
(R1)
Created - April 26, 2020 at 19:06
Goals
|
| Gangsters |
1 |
0 |
2 |
3 |
| Sewer Rats |
5 |
1 |
3 |
9 |
|
Shots
|
| Gangsters |
14 |
3 |
7 |
24 |
| Sewer Rats |
13 |
11 |
14 |
38 |
|
1st period
1. Gangsters , David Pope 27 (Richard Panik 65, Kevin Roy 18) at 0:16
2. Sewer Rats , Dmitrij Jaskin 27 (Nick Cousins 34, Joel Edmundson 27) at 0:56
3. Sewer Rats , Dmitrij Jaskin 28 (Steven Kampfer 47) at 2:57
4. Sewer Rats , Daniel Carr 31 (Erik Condra 40) at 14:52
5. Sewer Rats , Daniel Carr 32 (Joel Edmundson 28) at 15:42
6. Sewer Rats , Erik Condra 39 (Jonathan Marchessault 46, Steven Kampfer 48) at 16:39
Penalties :
Ryan Murphy (Tol) for High sticking (Minor) at 17:00, Joel Edmundson (Tol) for Interference (Minor) at 19:53
2nd period
7. Sewer Rats , Tomas Tatar 37 (Mark Mancari 54) at 0:15 (SH)
Penalties :
Mark Mancari (Tol) for Fighting (Major) at 3:30, Matt Delahey (Bro) for Fighting (Major) at 3:30, Jake Marchment (Bro) for Holding (Minor) at 4:26, Jarred Tinordi (Tol) for Roughing (Minor) at 15:05, Richard Panik (Bro) for High sticking (Double Minor) at 16:23
3rd period
8. Sewer Rats , Jarred Tinordi 5 (Tomas Tatar 46, Mark Mancari 55) at 0:11 (PP)
9. Gangsters , Matt Delahey 9 (Devante Smith-Pelly 48, Jordan Binnington) at 6:54 (PP)
10. Gangsters , Samuel Blais 8 (Jonas Brodin 28, Stefan Noesen 22) at 7:49
11. Sewer Rats , Tomas Tatar 38 (Jarred Tinordi 33, Vincent Trocheck 67) at 7:57
12. Sewer Rats , Dmitrij Jaskin 29 (Nick Cousins 35) at 18:11
Penalties :
Erik Condra (Tol) for Cross-checking (Minor) at 5:37, Jonas Brodin (Bro) for Hooking (Minor) at 12:45
Goalie Stats
Jordan Binnington (Bro), 15 saves from 19 shots - (0.789), 32:15 minutes
Dustin Tokarski (Bro), 14 saves from 19 shots - (0.737), L, 31-25-4, 27:45 minutes
Marek Mazanek (Tol), 21 saves from 24 shots - (0.875), W, 37-17-5, 60:00 minutes
Players Stats for Gangsters
Player Name G A P +/- PIM S H SB GA TA FO MP PP MP PK MP
------------------------------------------------------------------------------------
Adam Lowry 0 0 0 -2 0 0 3 0 0 0 9/14 17:01 3:03 0:36
Brett Ponich 0 0 0 -3 0 1 3 2 0 3 0/0 26:29 4:34 3:36
Connor Chatam 0 0 0 -1 0 0 0 0 0 0 0/1 3:14 0:12 0:00
David Pope 1 0 1 -1 0 2 1 2 0 2 2/2 19:31 3:30 1:39
Derrick Pouliot 0 0 0 -1 0 0 0 0 1 1 0/0 13:40 0:00 0:35
Devante Smith-Pelly 0 1 1 -2 0 6 5 0 2 0 0/1 20:18 3:03 3:14
Jake Marchment 0 0 0 -1 2 0 0 1 0 0 0/2 11:36 0:00 0:00
Jonas Brodin 0 1 1 -2 2 1 0 1 0 1 0/0 19:27 1:59 2:12
Julius Vahatalo 0 0 0 -2 0 0 0 0 0 0 0/1 6:20 0:00 0:00
Kevin Roy 0 1 1 -1 0 0 0 1 0 0 10/29 18:47 3:18 1:00
Matt Delahey 1 0 1 -3 5 2 2 4 1 1 0/0 25:06 4:34 2:42
Morgan Ellis 0 0 0 -2 0 0 5 4 0 0 0/0 20:21 1:59 3:31
Phillip Danault 0 0 0 -2 0 7 0 0 0 0 0/1 19:03 3:03 2:12
Richard Panik 0 1 1 -2 4 3 3 1 2 1 4/5 23:13 3:29 1:58
Ryan Culkin 0 0 0 -1 0 0 0 1 0 0 0/0 14:26 0:00 1:34
Samuel Blais 1 0 1 -1 0 1 0 1 0 0 2/3 13:40 0:00 1:57
Sebastian Collberg 0 0 0 -2 0 0 1 0 0 0 0/1 7:13 0:00 0:26
Stefan Noesen 0 1 1 -1 0 1 2 1 1 0 0/1 12:45 0:00 1:08
Players Stats for Sewer Rats
Player Name G A P +/- PIM S H SB GA TA FO MP PP MP PK MP
------------------------------------------------------------------------------------
Anthony Duclair 0 0 0 2 0 1 0 0 0 1 0/0 13:17 0:00 1:05
Connor Carrick 0 0 0 0 0 0 0 0 0 0 0/0 5:59 0:00 0:00
Daniel Carr 2 0 2 3 0 2 2 0 1 0 0/0 18:12 3:11 0:38
Dmitrij Jaskin 3 0 3 2 0 3 4 0 0 0 0/0 14:20 1:16 0:00
Erik Condra 1 1 2 3 2 5 2 0 1 0 1/1 19:35 3:15 1:27
Jared McCann 0 0 0 0 0 0 0 0 0 0 2/2 5:39 0:00 0:00
Jarred Tinordi 1 1 2 4 2 1 5 1 1 0 0/0 25:04 4:18 3:10
Joel Edmundson 0 2 2 2 2 2 1 1 1 0 0/0 18:29 2:51 1:22
John Ramage 0 0 0 0 0 1 0 0 0 0 0/0 10:30 0:00 2:01
Jonathan Marchessault 0 1 1 3 0 3 2 0 0 0 6/13 17:34 3:11 0:00
Jonathan Racine 0 0 0 0 0 0 0 0 0 0 0/0 0:00 0:00 0:00
Joseph Blandisi 0 0 0 0 0 1 0 0 0 1 0/0 5:39 0:00 0:00
Mark Mancari 0 2 2 1 5 4 3 0 2 0 5/9 23:18 2:28 4:01
Nick Cousins 0 2 2 2 0 1 0 1 1 0 3/4 12:34 0:48 0:00
Ryan Murphy 0 0 0 0 2 0 1 0 0 1 0/0 8:28 0:00 0:00
Stefan Elliott 0 0 0 2 0 4 0 0 1 1 0/0 19:16 2:51 2:08
Steven Kampfer 0 2 2 4 0 2 3 2 0 1 0/0 26:16 4:14 4:25
Tomas Tatar 2 1 3 1 0 6 6 0 1 1 0/0 22:27 3:39 4:03
Vincent Trocheck 0 1 1 0 0 2 0 1 0 1 17/32 20:05 3:23 1:52
Xavier Ouellet 0 0 0 0 0 0 0 0 0 0 0/0 5:59 0:00 0:00
3 Stars
1 - Dmitrij Jaskin (Tol)
2 - Tomas Tatar (Tol)
3 - Daniel Carr (Tol)
Power Play
Gangsters - 1 on 4 Attempt(s) - 25.00%
Sewer Rats - 1 on 4 Attempt(s) - 25.00%
Penalty Kill
Gangsters - 3 on 4 Attempt(s) - 75.00%
- Score 0 goal in Penalty Kill
Sewer Rats - 3 on 4 Attempt(s) - 75.00%
- Score 1 goal in Penalty Kill
Team Stat
Gangsters - Hits : 25 - Faceoff Wins : 27 - Blocked Shots : 19 - Penalty Minutes : 13
Sewer Rats - Hits : 29 - Faceoff Wins : 34 - Blocked Shots : 6 - Penalty Minutes : 13
Official
Referees : Unknown
Linesman : Unknown
Game Notes
Jordan Binnington enters game at 15:42 of 1st period
Mark Mancari beats up Matt Delahey at 3:30 of 2nd period
Dustin Tokarski enters game at 7:57 of 3rd period
Dmitrij Jaskin has scored a Hat Trick!
Finance
Level 1 -- Attendance: 1598 (79.90%) -- Ticket Income $55,930
Level 2 -- Attendance: 907 (90.70%) -- Ticket Income $15,419
Total Attendance: 2505 (83.50%)
Total Ticket Income: $71,349
Other Income: $3,567
Total Income: $74,916
Gangsters
5 vs 5 Forward
Center Left Wing Right Wing Time % Phy DF OF
1 Kevin Roy David Pope Richard Panik 40 1 2 2
2 Adam Lowry Phillip Danault Devante Smith-Pelly 30 1 2 2
3 Jake Marchment Samuel Blais Stefan Noesen 20 1 2 2
4 Richard Panik Julius Vahatalo Sebastian Collberg 10 1 2 2
5 vs 5 Defense
Defense Defense Time % Phy DF OF
1 Matt Delahey Brett Ponich 40 1 2 2
2 Morgan Ellis Jonas Brodin 30 1 2 2
3 Derrick Pouliot Ryan Culkin 20 1 2 2
4 Matt Delahey Brett Ponich 10 1 2 2
PowerPlay Forward
Center Left Wing Right Wing Time % Phy DF OF
1 Kevin Roy David Pope Richard Panik 60 1 2 2
2 Adam Lowry Phillip Danault Devante Smith-Pelly 40 1 2 2
PowerPlay Defense
Defense Defense Time % Phy DF OF
1 Matt Delahey Brett Ponich 60 1 2 2
2 Morgan Ellis Jonas Brodin 40 1 2 2
Penalty Kill 4 Players Forward
Center Wing Time % Phy DF OF
1 Richard Panik Devante Smith-Pelly 60 1 2 2
2 Stefan Noesen David Pope 40 1 2 2
Penalty Kill 4 Players Defense
Defense Defense Time % Phy DF OF
1 Matt Delahey Brett Ponich 60 1 2 2
2 Morgan Ellis Jonas Brodin 40 1 2 2
Penalty Kill - 3 Players Forward
Forward Time % Phy DF OF
1 Richard Panik 60 1 2 2
2 Devante Smith-Pelly 40 1 2 2
Penalty Kill - 3 Players Defense
Defense Defense Time % Phy DF OF
1 Matt Delahey Brett Ponich 60 1 2 2
2 Morgan Ellis Jonas Brodin 40 1 2 2
4 vs 4 Forward
Center Wing Time % Phy DF OF
1 Richard Panik Devante Smith-Pelly 60 1 2 2
2 Stefan Noesen David Pope 40 1 2 2
4 vs 4 Defense
Defense Defense Time % Phy DF OF
1 Matt Delahey Brett Ponich 60 1 2 2
2 Morgan Ellis Jonas Brodin 40 1 2 2
Last Minutes Offensive
Center Left Wing Right Wing Defense Defense
Kevin Roy David Pope Richard Panik Matt Delahey Brett Ponich
Last Minutes Defensive
Center Left Wing Right Wing Defense Defense
Kevin Roy David Pope Richard Panik Matt Delahey Brett Ponich
Goaltenders
Starting : Dustin Tokarski
Backup : Jordan Binnington
Extra Forwards
Normal : Connor Chatam, Sebastian Collberg, Samuel Blais - PP : Connor Chatam, Sebastian Collberg - PK : Samuel Blais
Extra Defensemen
Normal : Derrick Pouliot, Ryan Culkin, Morgan Ellis - PP : Derrick Pouliot - PK : Ryan Culkin, Morgan Ellis
Penalty Shots
Richard Panik, Devante Smith-Pelly, Stefan Noesen, David Pope, Phillip Danault
Scratches
Jordan Subban (Healthy), Steven Santini (Healthy), Joshua Jacobs (Healthy), Jacob Middleton (Healthy), Dave Dziurzynski (Healthy)
Hugo Fagerblom (Healthy)
Sewer Rats
5 vs 5 Forward
Center Left Wing Right Wing Time % Phy DF OF
1 Vincent Trocheck Tomas Tatar Mark Mancari 40 1 2 2
2 Jonathan Marchessault Daniel Carr Erik Condra 30 1 2 2
3 Nick Cousins Anthony Duclair Dmitrij Jaskin 20 1 2 2
4 Jared McCann Joseph Blandisi Mark Mancari 10 1 2 2
5 vs 5 Defense
Defense Defense Time % Phy DF OF
1 Jarred Tinordi Steven Kampfer 40 1 2 2
2 Stefan Elliott Joel Edmundson 30 1 2 2
3 John Ramage Ryan Murphy 20 1 2 2
4 Connor Carrick Xavier Ouellet 10 1 2 2
PowerPlay Forward
Center Left Wing Right Wing Time % Phy DF OF
1 Vincent Trocheck Tomas Tatar Mark Mancari 60 1 2 2
2 Jonathan Marchessault Daniel Carr Erik Condra 40 1 2 2
PowerPlay Defense
Defense Defense Time % Phy DF OF
1 Jarred Tinordi Steven Kampfer 60 1 2 2
2 Stefan Elliott Joel Edmundson 40 1 2 2
Penalty Kill 4 Players Forward
Center Wing Time % Phy DF OF
1 Mark Mancari Tomas Tatar 60 1 2 2
2 Vincent Trocheck Erik Condra 40 1 2 2
Penalty Kill 4 Players Defense
Defense Defense Time % Phy DF OF
1 Jarred Tinordi Steven Kampfer 60 1 2 2
2 Stefan Elliott Joel Edmundson 40 1 2 2
Penalty Kill - 3 Players Forward
Forward Time % Phy DF OF
1 Mark Mancari 60 1 2 2
2 Tomas Tatar 40 1 2 2
Penalty Kill - 3 Players Defense
Defense Defense Time % Phy DF OF
1 Jarred Tinordi Steven Kampfer 60 1 2 2
2 Stefan Elliott Joel Edmundson 40 1 2 2
4 vs 4 Forward
Center Wing Time % Phy DF OF
1 Mark Mancari Tomas Tatar 60 1 2 2
2 Vincent Trocheck Erik Condra 40 1 2 2
4 vs 4 Defense
Defense Defense Time % Phy DF OF
1 Jarred Tinordi Steven Kampfer 60 1 2 2
2 Stefan Elliott Joel Edmundson 40 1 2 2
Last Minutes Offensive
Center Left Wing Right Wing Defense Defense
Vincent Trocheck Tomas Tatar Mark Mancari Jarred Tinordi Steven Kampfer
Last Minutes Defensive
Center Left Wing Right Wing Defense Defense
Vincent Trocheck Tomas Tatar Mark Mancari Jarred Tinordi Steven Kampfer
Goaltenders
Starting : Marek Mazanek
Backup : Darcy Kuemper
Extra Forwards
Normal : Dmitrij Jaskin, Nick Cousins, Anthony Duclair - PP : Dmitrij Jaskin, Nick Cousins - PK : Anthony Duclair
Extra Defensemen
Normal : Jonathan Racine, John Ramage, Ryan Murphy - PP : Jonathan Racine - PK : John Ramage, Ryan Murphy
Penalty Shots
Mark Mancari, Tomas Tatar, Vincent Trocheck, Erik Condra, Jonathan Marchessault
Scratches
Dominik Kubalik (Healthy), Josh Archibald (Healthy), Tyler Motte (Healthy), Chris Calhan (Healthy), Mark Friedman (Healthy)
Michael Dal Colle (Healthy), Matteson Iacopelli (Healthy), Luke Witkowski (Healthy), Sergei Kostenko (Healthy), Antoine Bibeau (Healthy)
% Time on Ice - Gangsters
Lines # - Real PCT - Wanted PCT - Time Play
Normal Forward
1 - 31% - 40% - 14:22
2 - 29% - 30% - 13:22
3 - 25% - 20% - 11:37
4 - 14% - 10% - 6:20
Normal Defense
1 - 39% - 40% - 17:58
2 - 33% - 30% - 14:51
3 - 24% - 20% - 11:06
4 - 4% - 10% - 1:46
PP Forward
1 - 53% - 60% - 3:30
2 - 47% - 40% - 3:03
PP Defense
1 - 70% - 60% - 4:34
2 - 30% - 40% - 1:59
PK Forward
1 - 84% - 60% - 5:57
2 - 16% - 40% - 1:08
PK Defense
1 - 56% - 60% - 3:57
2 - 44% - 40% - 3:08
PK3 Forward
1 - 0% - 60%
2 - 0% - 40%
PK3 Defense
1 - 0% - 60%
2 - 0% - 40%
44 Forward
1 - 100% - 60% - 0:41
2 - 0% - 40% - 0:00
44 Defense
1 - 100% - 60% - 0:41
2 - 0% - 40% - 0:00
Last Minute Offensive - 0:00
Last Minute Defensive - 0:00
Total
Forward - 60:00
Defense - 60:00
|
% Time on Ice - Sewer Rats
Lines # - Real PCT - Wanted PCT - Time Play
Normal Forward
1 - 32% - 40% - 14:44
2 - 31% - 30% - 14:23
3 - 24% - 20% - 10:55
4 - 12% - 10% - 5:39
Normal Defense
1 - 39% - 40% - 17:37
2 - 30% - 30% - 13:36
3 - 19% - 20% - 8:29
4 - 13% - 10% - 5:59
PP Forward
1 - 54% - 60% - 3:50
2 - 46% - 40% - 3:15
PP Defense
1 - 60% - 60% - 4:14
2 - 40% - 40% - 2:51
PK Forward
1 - 72% - 60% - 4:41
2 - 28% - 40% - 1:52
PK Defense
1 - 67% - 60% - 4:25
2 - 33% - 40% - 2:08
PK3 Forward
1 - 0% - 60%
2 - 0% - 40%
PK3 Defense
1 - 0% - 60%
2 - 0% - 40%
44 Forward
1 - 73% - 60% - 0:30
2 - 27% - 40% - 0:11
44 Defense
1 - 0% - 60% - 0:00
2 - 100% - 40% - 0:41
Last Minute Offensive - 0:00
Last Minute Defensive - 0:00
Total
Forward - 60:00
Defense - 60:00
|
Play-by-Play
1st period
0:01 of 1st period - Kevin Roy wins face-off versus Vincent Trocheck in neutral zone.
0:16 of 1st period - Snap shot by David Pope.
0:16 of 1st period - Goal by David Pope - Gangsters : 1 - Sewer Rats : 0.
0:17 of 1st period - Adam Lowry wins face-off versus Jonathan Marchessault in neutral zone.
0:35 of 1st period - Joel Edmundson is hit by Devante Smith-Pelly and loses puck.
0:50 of 1st period - Snap shot by Dmitrij Jaskin.
0:50 of 1st period - Shot Misses the Net.
0:52 of 1st period - Snap shot by Joel Edmundson.
0:52 of 1st period - Shot Blocked by Stefan Noesen.
0:54 of 1st period - Snap shot by Joel Edmundson.
0:54 of 1st period - Stopped by Dustin Tokarski with a rebound.
0:56 of 1st period - Snap shot by Nick Cousins.
0:56 of 1st period - Deflect By Dmitrij Jaskin.
0:56 of 1st period - Goal by Dmitrij Jaskin - Gangsters : 1 - Sewer Rats : 1.
0:57 of 1st period - David Pope wins face-off versus Vincent Trocheck in neutral zone.
1:10 of 1st period - Derrick Pouliot is hit by Tomas Tatar and loses puck.
1:23 of 1st period - Ryan Culkin is hit by Ryan Murphy and loses puck.
1:32 of 1st period - Snap shot by Richard Panik.
1:32 of 1st period - Shot Misses the Net.
1:52 of 1st period - Snap shot by Anthony Duclair.
1:52 of 1st period - Shot Blocked by Brett Ponich.
1:54 of 1st period - Slapshot by John Ramage.
1:54 of 1st period - Shot Misses the Net.
2:18 of 1st period - Tomas Tatar is hit by Devante Smith-Pelly and loses puck.
2:39 of 1st period - Backhand shot by Stefan Noesen.
2:39 of 1st period - Shot Misses the Net.
2:57 of 1st period - Slapshot by Dmitrij Jaskin.
2:57 of 1st period - Goal by Dmitrij Jaskin - Gangsters : 1 - Sewer Rats : 2.
2:58 of 1st period - Vincent Trocheck wins face-off versus Adam Lowry in neutral zone.
3:05 of 1st period - Wrist shot by Mark Mancari.
3:05 of 1st period - Shot Misses the Net.
3:44 of 1st period - Slapshot by Richard Panik.
3:44 of 1st period - Stopped by Marek Mazanek with a rebound.
4:04 of 1st period - Snap shot by David Pope.
4:04 of 1st period - Stopped by Marek Mazanek without a rebound.
4:05 of 1st period - Jared McCann wins face-off versus Kevin Roy in Sewer Rats zone.
4:37 of 1st period - Slapshot by Joel Edmundson.
4:37 of 1st period - Shot Blocked by David Pope.
4:41 of 1st period - Wrist shot by Mark Mancari.
4:41 of 1st period - Stopped by Dustin Tokarski with a rebound.
4:43 of 1st period - Snap shot by Jared McCann.
4:43 of 1st period - Shot Blocked by Matt Delahey.
4:45 of 1st period - Slapshot by Stefan Elliott.
4:45 of 1st period - Stopped by Dustin Tokarski with a rebound.
4:47 of 1st period - Wrist shot by Mark Mancari.
4:47 of 1st period - Shot Misses the Net.
4:49 of 1st period - Slapshot by Joel Edmundson.
4:49 of 1st period - Deflect By Joseph Blandisi.
4:49 of 1st period - Shot Blocked by Matt Delahey.
4:49 of 1st period - Puck is out of play.
4:50 of 1st period - Adam Lowry wins face-off versus Jonathan Marchessault in Gangsters zone.
4:50 of 1st period - Adam Lowry is hit by Jonathan Marchessault.
5:03 of 1st period - Snap shot by Ryan Culkin.
5:03 of 1st period - Deflect By Phillip Danault.
5:03 of 1st period - Stopped by Marek Mazanek with a rebound.
5:05 of 1st period - Snap shot by Devante Smith-Pelly.
5:05 of 1st period - Stopped by Marek Mazanek with a rebound.
5:15 of 1st period - Jake Marchment is hit by Jarred Tinordi and loses puck.
5:26 of 1st period - Snap shot by Dmitrij Jaskin.
5:26 of 1st period - Shot Blocked by Samuel Blais.
5:28 of 1st period - Slapshot by Stefan Elliott.
5:28 of 1st period - Shot Blocked by Ryan Culkin.
5:38 of 1st period - Stefan Noesen is hit by Tomas Tatar and loses puck.
7:29 of 1st period - Phillip Danault is hit by Tomas Tatar and loses puck.
7:58 of 1st period - Wrist shot by Daniel Carr.
7:58 of 1st period - Deflect By Erik Condra.
7:58 of 1st period - Shot Blocked by Brett Ponich.
7:58 of 1st period - Puck is out of play.
7:59 of 1st period - Richard Panik wins face-off versus Jonathan Marchessault in Gangsters zone.
9:01 of 1st period - Snap shot by Phillip Danault.
9:01 of 1st period - Stopped by Marek Mazanek without a rebound.
9:02 of 1st period - Vincent Trocheck wins face-off versus Stefan Noesen in Sewer Rats zone.
9:07 of 1st period - Matt Delahey is hit by Mark Mancari and loses puck.
9:38 of 1st period - Slapshot by Erik Condra.
9:38 of 1st period - Stopped by Dustin Tokarski without a rebound.
9:39 of 1st period - Vincent Trocheck wins face-off versus Kevin Roy in Gangsters zone.
9:44 of 1st period - Snap shot by Tomas Tatar.
9:44 of 1st period - Shot Blocked by Morgan Ellis.
10:06 of 1st period - Phillip Danault is hit by Steven Kampfer and loses puck.
10:39 of 1st period - Anthony Duclair is hit by Stefan Noesen and loses puck.
11:04 of 1st period - Richard Panik is hit by Jarred Tinordi and loses puck.
11:23 of 1st period - Wrist shot by Jonathan Marchessault.
11:23 of 1st period - Shot Misses the Net.
11:25 of 1st period - Backhand shot by Stefan Elliott.
11:25 of 1st period - Stopped by Dustin Tokarski with a rebound.
11:35 of 1st period - Richard Panik is hit by Mark Mancari and loses puck.
11:48 of 1st period - Wrist shot by Richard Panik.
11:48 of 1st period - Stopped by Marek Mazanek with a rebound.
12:02 of 1st period - Slapshot by Devante Smith-Pelly.
12:02 of 1st period - Stopped by Marek Mazanek with a rebound.
12:45 of 1st period - Off-side.
12:46 of 1st period - Jonathan Marchessault wins face-off versus Phillip Danault in neutral zone.
13:09 of 1st period - Icing by Brett Ponich.
13:10 of 1st period - Kevin Roy wins face-off versus Nick Cousins in Gangsters zone.
13:15 of 1st period - Wrist shot by Richard Panik.
13:15 of 1st period - Shot Misses the Net.
13:25 of 1st period - Wrist shot by Anthony Duclair.
13:25 of 1st period - Stopped by Dustin Tokarski with a rebound.
13:35 of 1st period - Snap shot by Phillip Danault.
13:35 of 1st period - Stopped by Marek Mazanek with a rebound.
14:19 of 1st period - Slapshot by Richard Panik.
14:19 of 1st period - Deflect By Sebastian Collberg.
14:19 of 1st period - Shot Misses the Net.
14:19 of 1st period - Puck is out of play.
14:20 of 1st period - Richard Panik wins face-off versus Vincent Trocheck in Sewer Rats zone.
14:35 of 1st period - Slapshot by Richard Panik.
14:35 of 1st period - Shot Misses the Net.
14:45 of 1st period - Jonas Brodin is hit by Erik Condra and loses puck.
14:50 of 1st period - Snap shot by Erik Condra.
14:50 of 1st period - Shot Blocked by Morgan Ellis.
14:52 of 1st period - Snap shot by Daniel Carr.
14:52 of 1st period - Goal by Daniel Carr - Gangsters : 1 - Sewer Rats : 3.
14:53 of 1st period - Vincent Trocheck wins face-off versus Kevin Roy in neutral zone.
15:20 of 1st period - Off-side.
15:21 of 1st period - Adam Lowry wins face-off versus Jonathan Marchessault in neutral zone.
15:24 of 1st period - Snap shot by Phillip Danault.
15:24 of 1st period - Stopped by Marek Mazanek with a rebound.
15:42 of 1st period - Slapshot by Daniel Carr.
15:42 of 1st period - Goal by Daniel Carr - Gangsters : 1 - Sewer Rats : 4.
15:42 of 1st period - Jordan Binnington enters game.
15:43 of 1st period - Vincent Trocheck wins face-off versus Kevin Roy in neutral zone.
16:08 of 1st period - Jarred Tinordi is hit by Morgan Ellis and loses puck.
16:19 of 1st period - Wrist shot by Phillip Danault.
16:19 of 1st period - Shot Blocked by Steven Kampfer.
16:21 of 1st period - Wrist shot by Phillip Danault.
16:21 of 1st period - Stopped by Marek Mazanek with a rebound.
16:37 of 1st period - Slapshot by Jonathan Marchessault.
16:37 of 1st period - Stopped by Jordan Binnington with a rebound.
16:39 of 1st period - Snap shot by Erik Condra.
16:39 of 1st period - Goal by Erik Condra - Gangsters : 1 - Sewer Rats : 5.
16:40 of 1st period - Vincent Trocheck wins face-off versus Kevin Roy in neutral zone.
16:49 of 1st period - Wrist shot by Richard Panik.
16:49 of 1st period - Stopped by Marek Mazanek with a rebound.
16:51 of 1st period - Wrist shot by Richard Panik.
16:51 of 1st period - Shot Blocked by Joel Edmundson.
16:53 of 1st period - Snap shot by Richard Panik.
16:53 of 1st period - Shot Misses the Net.
16:55 of 1st period - Snap shot by Brett Ponich.
16:55 of 1st period - Deflect By Richard Panik.
16:55 of 1st period - Shot Misses the Net.
16:55 of 1st period - Puck is out of play.
16:56 of 1st period - Adam Lowry wins face-off versus Vincent Trocheck in Sewer Rats zone.
17:00 of 1st period - Minor Penalty to Ryan Murphy for High sticking.
17:01 of 1st period - David Pope wins face-off versus Mark Mancari in Sewer Rats zone.
17:17 of 1st period - Wrist shot by Tomas Tatar.
17:17 of 1st period - Stopped by Jordan Binnington with a rebound.
17:33 of 1st period - Mark Mancari is hit by Adam Lowry and loses puck.
18:11 of 1st period - Slapshot by Stefan Elliott.
18:11 of 1st period - Shot Blocked by Jonas Brodin.
19:00 of 1st period - Penalty to Ryan Murphy is over, Ryan Murphy is back on ice.
19:07 of 1st period - Snap shot by Stefan Noesen.
19:07 of 1st period - Stopped by Marek Mazanek without a rebound.
19:08 of 1st period - Nick Cousins wins face-off versus Jake Marchment in Sewer Rats zone.
19:23 of 1st period - Slapshot by Stefan Noesen.
19:23 of 1st period - Shot Hit the Post.
19:35 of 1st period - Sebastian Collberg is hit by Jonathan Marchessault and loses puck.
19:45 of 1st period - Off-side.
19:46 of 1st period - Adam Lowry wins face-off versus Vincent Trocheck in neutral zone.
19:51 of 1st period - Snap shot by Phillip Danault.
19:51 of 1st period - Stopped by Marek Mazanek with a rebound.
19:53 of 1st period - Minor Penalty to Joel Edmundson for Interference.
19:54 of 1st period - Kevin Roy wins face-off versus Mark Mancari in Sewer Rats zone.
Goals for this period are 1 for Gangsters vs 5 for Sewer Rats.
Shots for this period are 14 for Gangsters vs 13 for Sewer Rats.
2nd period
0:01 of 2nd period - Mark Mancari wins face-off versus Kevin Roy in neutral zone.
0:04 of 2nd period - Richard Panik is hit by Mark Mancari and loses puck.
0:13 of 2nd period - Snap shot by Tomas Tatar.
0:13 of 2nd period - Stopped by Jordan Binnington with a rebound.
0:15 of 2nd period - Wrist shot by Tomas Tatar.
0:15 of 2nd period - Goal by Tomas Tatar - Gangsters : 1 - Sewer Rats : 6.
0:16 of 2nd period - Mark Mancari wins face-off versus Kevin Roy in neutral zone.
0:49 of 2nd period - Snap shot by Vincent Trocheck.
0:49 of 2nd period - Shot Misses the Net.
0:51 of 2nd period - Snap shot by Erik Condra.
0:51 of 2nd period - Stopped by Jordan Binnington without a rebound.
0:52 of 2nd period - Adam Lowry wins face-off versus Mark Mancari in Gangsters zone.
1:00 of 2nd period - Wrist shot by Mark Mancari.
1:00 of 2nd period - Stopped by Jordan Binnington without a rebound.
1:01 of 2nd period - Kevin Roy wins face-off versus Mark Mancari in Gangsters zone.
1:31 of 2nd period - Snap shot by Vincent Trocheck.
1:31 of 2nd period - Stopped by Jordan Binnington with a rebound.
1:33 of 2nd period - Backhand shot by Vincent Trocheck.
1:33 of 2nd period - Shot Misses the Net.
1:37 of 2nd period - Slapshot by Vincent Trocheck.
1:37 of 2nd period - Stopped by Jordan Binnington without a rebound.
1:38 of 2nd period - Adam Lowry wins face-off versus Vincent Trocheck in Gangsters zone.
1:48 of 2nd period - Snap shot by Devante Smith-Pelly.
1:48 of 2nd period - Shot Misses the Net.
1:50 of 2nd period - Backhand shot by Matt Delahey.
1:50 of 2nd period - Shot Blocked by Vincent Trocheck.
1:52 of 2nd period - Slapshot by Phillip Danault.
1:52 of 2nd period - Stopped by Marek Mazanek without a rebound.
1:53 of 2nd period - Penalty to Joel Edmundson is over, Joel Edmundson is back on ice.
1:53 of 2nd period - Kevin Roy wins face-off versus Vincent Trocheck in Sewer Rats zone.
2:08 of 2nd period - Snap shot by Tomas Tatar.
2:08 of 2nd period - Shot Blocked by David Pope.
2:18 of 2nd period - Slapshot by Erik Condra.
2:18 of 2nd period - Stopped by Jordan Binnington with a rebound.
2:40 of 2nd period - Morgan Ellis is hit by Dmitrij Jaskin and loses puck.
3:09 of 2nd period - Snap shot by Vincent Trocheck.
3:09 of 2nd period - Shot Misses the Net.
3:27 of 2nd period - Snap shot by Devante Smith-Pelly.
3:27 of 2nd period - Stopped by Marek Mazanek without a rebound.
3:28 of 2nd period - Vincent Trocheck wins face-off versus Jake Marchment in Sewer Rats zone.
3:30 of 2nd period - Mark Mancari beats up Matt Delahey.
3:30 of 2nd period - Penalty to Mark Mancari for Fighting.
3:30 of 2nd period - Penalty to Matt Delahey for Fighting.
3:31 of 2nd period - Kevin Roy wins face-off versus Vincent Trocheck in neutral zone.
3:34 of 2nd period - Dmitrij Jaskin is hit by Richard Panik.
4:26 of 2nd period - Minor Penalty to Jake Marchment for Holding.
4:27 of 2nd period - Richard Panik wins face-off versus Vincent Trocheck in Gangsters zone.
5:24 of 2nd period - David Pope is hit by Daniel Carr and loses puck.
5:45 of 2nd period - Brett Ponich is hit by Daniel Carr.
6:26 of 2nd period - Penalty to Jake Marchment is over, Jake Marchment is back on ice.
6:32 of 2nd period - Daniel Carr is hit by Stefan Noesen and loses puck.
7:23 of 2nd period - David Pope is hit by Dmitrij Jaskin and loses puck.
7:48 of 2nd period - Vincent Trocheck is hit by Morgan Ellis and loses puck.
10:13 of 2nd period - Phillip Danault is hit by Jarred Tinordi and loses puck.
10:24 of 2nd period - Dmitrij Jaskin is hit by Richard Panik and loses puck.
11:00 of 2nd period - Connor Carrick is hit by Sebastian Collberg and loses puck.
11:30 of 2nd period - Dmitrij Jaskin is hit by Morgan Ellis and loses puck.
13:13 of 2nd period - Jarred Tinordi is hit by Morgan Ellis and loses puck.
13:40 of 2nd period - Slapshot by Jonas Brodin.
13:40 of 2nd period - Shot Misses the Net.
14:27 of 2nd period - Icing by Jake Marchment.
14:28 of 2nd period - Adam Lowry wins face-off versus Vincent Trocheck in Gangsters zone.
14:28 of 2nd period - Adam Lowry is hit by Jarred Tinordi.
14:34 of 2nd period - Vincent Trocheck is hit by Devante Smith-Pelly and loses puck.
14:39 of 2nd period - Snap shot by Devante Smith-Pelly.
14:39 of 2nd period - Stopped by Marek Mazanek without a rebound.
14:40 of 2nd period - Jonathan Marchessault wins face-off versus Kevin Roy in Sewer Rats zone.
14:47 of 2nd period - Wrist shot by Jonathan Marchessault.
14:47 of 2nd period - Stopped by Jordan Binnington with a rebound.
14:49 of 2nd period - Slapshot by Jonathan Marchessault.
14:49 of 2nd period - Stopped by Jordan Binnington without a rebound.
14:50 of 2nd period - Kevin Roy wins face-off versus Jonathan Marchessault in Gangsters zone.
14:50 of 2nd period - Kevin Roy is hit by Steven Kampfer.
14:57 of 2nd period - Brett Ponich is hit by Jarred Tinordi and loses puck.
15:05 of 2nd period - Minor Penalty to Jarred Tinordi for Roughing.
15:06 of 2nd period - Mark Mancari wins face-off versus Kevin Roy in Sewer Rats zone.
15:56 of 2nd period - Jonas Brodin is hit by Tomas Tatar and loses puck.
16:23 of 2nd period - Double Minor Penalty to Richard Panik for High sticking.
16:24 of 2nd period - Mark Mancari wins face-off versus Connor Chatam in Gangsters zone.
16:25 of 2nd period - Snap shot by Tomas Tatar.
16:25 of 2nd period - Shot Blocked by Matt Delahey.
17:02 of 2nd period - Wrist shot by Stefan Elliott.
17:02 of 2nd period - Stopped by Jordan Binnington with a rebound.
17:05 of 2nd period - Penalty to Jarred Tinordi is over, Jarred Tinordi is back on ice.
17:08 of 2nd period - Snap shot by Stefan Elliott.
17:08 of 2nd period - Stopped by Jordan Binnington without a rebound.
17:09 of 2nd period - Jonathan Marchessault wins face-off versus Sebastian Collberg in Gangsters zone.
17:14 of 2nd period - Slapshot by Erik Condra.
17:14 of 2nd period - Shot Misses the Net.
17:49 of 2nd period - Icing by Vincent Trocheck.
17:50 of 2nd period - Samuel Blais wins face-off versus Vincent Trocheck in Sewer Rats zone.
19:39 of 2nd period - Mark Mancari is hit by Brett Ponich and loses puck.
Goals for this period are 0 for Gangsters vs 1 for Sewer Rats.
Shots for this period are 3 for Gangsters vs 11 for Sewer Rats.
3rd period
0:01 of 3rd period - Samuel Blais wins face-off versus Vincent Trocheck in neutral zone.
0:03 of 3rd period - Off-side.
0:04 of 3rd period - Vincent Trocheck wins face-off versus Samuel Blais in neutral zone.
0:09 of 3rd period - Wrist shot by Tomas Tatar.
0:09 of 3rd period - Shot Misses the Net.
0:11 of 3rd period - Slapshot by Jarred Tinordi.
0:11 of 3rd period - Goal by Jarred Tinordi - Gangsters : 1 - Sewer Rats : 7.
0:12 of 3rd period - Vincent Trocheck wins face-off versus Kevin Roy in neutral zone.
0:44 of 3rd period - Jarred Tinordi is hit by Devante Smith-Pelly and loses puck.
1:10 of 3rd period - Off-side.
1:11 of 3rd period - Vincent Trocheck wins face-off versus Kevin Roy in neutral zone.
1:20 of 3rd period - Kevin Roy is hit by Joel Edmundson and loses puck.
1:31 of 3rd period - Vincent Trocheck is hit by Morgan Ellis and loses puck.
1:41 of 3rd period - Erik Condra is hit by Adam Lowry.
2:29 of 3rd period - Snap shot by Mark Mancari.
2:29 of 3rd period - Stopped by Jordan Binnington with a rebound.
3:15 of 3rd period - Dmitrij Jaskin is hit by Matt Delahey and loses puck.
4:11 of 3rd period - Erik Condra is hit by Brett Ponich and loses puck.
4:18 of 3rd period - Snap shot by David Pope.
4:18 of 3rd period - Shot Misses the Net.
4:46 of 3rd period - Wrist shot by Nick Cousins.
4:46 of 3rd period - Stopped by Jordan Binnington with a rebound.
4:48 of 3rd period - Snap shot by Dmitrij Jaskin.
4:48 of 3rd period - Deflect By Anthony Duclair.
4:48 of 3rd period - Shot Misses the Net.
4:48 of 3rd period - Puck is out of play.
4:49 of 3rd period - Kevin Roy wins face-off versus Vincent Trocheck in Gangsters zone.
5:00 of 3rd period - Joel Edmundson is hit by David Pope and loses puck.
5:13 of 3rd period - Morgan Ellis is hit by Dmitrij Jaskin and loses puck.
5:37 of 3rd period - Minor Penalty to Erik Condra for Cross-checking.
5:38 of 3rd period - Mark Mancari wins face-off versus Kevin Roy in Sewer Rats zone.
6:15 of 3rd period - Icing by Matt Delahey.
6:16 of 3rd period - Vincent Trocheck wins face-off versus Adam Lowry in Gangsters zone.
6:39 of 3rd period - Stefan Elliott is hit by Adam Lowry.
6:43 of 3rd period - Devante Smith-Pelly is hit by Tomas Tatar and loses puck.
6:54 of 3rd period - Slapshot by Matt Delahey.
6:54 of 3rd period - Goal by Matt Delahey - Gangsters : 2 - Sewer Rats : 7.
6:55 of 3rd period - Vincent Trocheck wins face-off versus Kevin Roy in neutral zone.
7:00 of 3rd period - Snap shot by Tomas Tatar.
7:00 of 3rd period - Shot Blocked by Morgan Ellis.
7:02 of 3rd period - Wrist shot by Mark Mancari.
7:02 of 3rd period - Shot Blocked by Kevin Roy.
7:10 of 3rd period - Snap shot by Tomas Tatar.
7:10 of 3rd period - Shot Misses the Net.
7:25 of 3rd period - Snap shot by Erik Condra.
7:25 of 3rd period - Shot Blocked by Morgan Ellis.
7:27 of 3rd period - Slapshot by John Ramage.
7:27 of 3rd period - Stopped by Jordan Binnington with a rebound.
7:29 of 3rd period - Slapshot by John Ramage.
7:29 of 3rd period - Shot Misses the Net.
7:45 of 3rd period - Slapshot by Jonas Brodin.
7:45 of 3rd period - Stopped by Marek Mazanek with a rebound.
7:47 of 3rd period - Slapshot by Samuel Blais.
7:47 of 3rd period - Shot Misses the Net.
7:49 of 3rd period - Wrist shot by Samuel Blais.
7:49 of 3rd period - Goal by Samuel Blais - Gangsters : 3 - Sewer Rats : 7.
7:50 of 3rd period - Vincent Trocheck wins face-off versus Kevin Roy in neutral zone.
7:57 of 3rd period - Wrist shot by Tomas Tatar.
7:57 of 3rd period - Goal by Tomas Tatar - Gangsters : 3 - Sewer Rats : 8.
7:57 of 3rd period - Dustin Tokarski enters game.
7:58 of 3rd period - Vincent Trocheck wins face-off versus Kevin Roy in neutral zone.
8:01 of 3rd period - Wrist shot by Tomas Tatar.
8:01 of 3rd period - Shot Blocked by Matt Delahey.
8:24 of 3rd period - Wrist shot by Jonas Brodin.
8:24 of 3rd period - Shot Blocked by Jarred Tinordi.
8:44 of 3rd period - Wrist shot by Mark Mancari.
8:44 of 3rd period - Shot Misses the Net.
9:10 of 3rd period - Wrist shot by Tomas Tatar.
9:10 of 3rd period - Stopped by Dustin Tokarski without a rebound.
9:11 of 3rd period - Erik Condra wins face-off versus Kevin Roy in Gangsters zone.
9:14 of 3rd period - Slapshot by Erik Condra.
9:14 of 3rd period - Stopped by Dustin Tokarski without a rebound.
9:15 of 3rd period - Jonathan Marchessault wins face-off versus Kevin Roy in Gangsters zone.
9:40 of 3rd period - Dmitrij Jaskin is hit by Matt Delahey and loses puck.
9:45 of 3rd period - Wrist shot by Phillip Danault.
9:45 of 3rd period - Deflect By Devante Smith-Pelly.
9:45 of 3rd period - Shot Misses the Net.
9:45 of 3rd period - Puck is out of play.
9:46 of 3rd period - Nick Cousins wins face-off versus Adam Lowry in Sewer Rats zone.
9:51 of 3rd period - Snap shot by Devante Smith-Pelly.
9:51 of 3rd period - Stopped by Marek Mazanek without a rebound.
9:52 of 3rd period - Nick Cousins wins face-off versus Kevin Roy in Sewer Rats zone.
10:04 of 3rd period - Snap shot by Dmitrij Jaskin.
10:04 of 3rd period - Shot Misses the Net.
10:22 of 3rd period - Wrist shot by Mark Mancari.
10:22 of 3rd period - Stopped by Dustin Tokarski without a rebound.
10:23 of 3rd period - Vincent Trocheck wins face-off versus Adam Lowry in Gangsters zone.
10:48 of 3rd period - Daniel Carr is hit by Brett Ponich and loses puck.
11:20 of 3rd period - David Pope is hit by Dmitrij Jaskin and loses puck.
11:50 of 3rd period - Snap shot by Devante Smith-Pelly.
11:50 of 3rd period - Shot Misses the Net.
11:52 of 3rd period - Slapshot by Devante Smith-Pelly.
11:52 of 3rd period - Stopped by Marek Mazanek without a rebound.
11:53 of 3rd period - Jonathan Marchessault wins face-off versus Devante Smith-Pelly in Sewer Rats zone.
12:28 of 3rd period - Wrist shot by Mark Mancari.
12:28 of 3rd period - Deflect By Vincent Trocheck.
12:28 of 3rd period - Shot Blocked by Jake Marchment.
12:28 of 3rd period - Puck is out of play.
12:29 of 3rd period - Jonathan Marchessault wins face-off versus Kevin Roy in Gangsters zone.
12:45 of 3rd period - Minor Penalty to Jonas Brodin for Hooking.
12:46 of 3rd period - Vincent Trocheck wins face-off versus Richard Panik in Gangsters zone.
12:47 of 3rd period - Snap shot by Mark Mancari.
12:47 of 3rd period - Deflect By Vincent Trocheck.
12:47 of 3rd period - Shot Blocked by Richard Panik.
12:47 of 3rd period - Puck is out of play.
12:48 of 3rd period - Richard Panik wins face-off versus Vincent Trocheck in Gangsters zone.
13:36 of 3rd period - Vincent Trocheck is hit by Devante Smith-Pelly.
14:45 of 3rd period - Penalty to Jonas Brodin is over, Jonas Brodin is back on ice.
14:54 of 3rd period - Stefan Elliott is hit by Richard Panik and loses puck.
15:30 of 3rd period - Wrist shot by David Pope.
15:30 of 3rd period - Shot Misses the Net.
15:46 of 3rd period - Slapshot by Brett Ponich.
15:46 of 3rd period - Stopped by Marek Mazanek with a rebound.
16:22 of 3rd period - Icing by Jonas Brodin.
16:23 of 3rd period - Jared McCann wins face-off versus Julius Vahatalo in Gangsters zone.
16:24 of 3rd period - Snap shot by Joseph Blandisi.
16:24 of 3rd period - Stopped by Dustin Tokarski with a rebound.
16:26 of 3rd period - Snap shot by Daniel Carr.
16:26 of 3rd period - Shot Misses the Net.
16:28 of 3rd period - Slapshot by Steven Kampfer.
16:28 of 3rd period - Deflect By Jonas Brodin.
16:28 of 3rd period - Stopped by Dustin Tokarski without a rebound.
16:29 of 3rd period - Kevin Roy wins face-off versus Jonathan Marchessault in Gangsters zone.
16:44 of 3rd period - Slapshot by Matt Delahey.
16:44 of 3rd period - Stopped by Marek Mazanek without a rebound.
16:45 of 3rd period - Vincent Trocheck wins face-off versus Adam Lowry in Sewer Rats zone.
17:20 of 3rd period - David Pope is hit by Steven Kampfer and loses puck.
18:11 of 3rd period - Slapshot by Dmitrij Jaskin.
18:11 of 3rd period - Goal by Dmitrij Jaskin - Gangsters : 3 - Sewer Rats : 9.
18:12 of 3rd period - Kevin Roy wins face-off versus Vincent Trocheck in neutral zone.
18:15 of 3rd period - Slapshot by Matt Delahey.
18:15 of 3rd period - Shot Blocked by Steven Kampfer.
18:21 of 3rd period - Slapshot by Steven Kampfer.
18:21 of 3rd period - Stopped by Dustin Tokarski with a rebound.
19:07 of 3rd period - Wrist shot by Stefan Noesen.
19:07 of 3rd period - Shot Misses the Net.
19:09 of 3rd period - Slapshot by Stefan Noesen.
19:09 of 3rd period - Shot Blocked by Nick Cousins.
19:19 of 3rd period - Jonas Brodin is hit by Tomas Tatar and loses puck.
19:36 of 3rd period - Snap shot by Richard Panik.
19:36 of 3rd period - Shot Misses the Net.
19:44 of 3rd period - Wrist shot by Tomas Tatar.
19:44 of 3rd period - Stopped by Dustin Tokarski with a rebound.
19:46 of 3rd period - Backhand shot by Stefan Elliott.
19:46 of 3rd period - Shot Misses the Net.
19:48 of 3rd period - Backhand shot by Stefan Elliott.
19:48 of 3rd period - Shot Misses the Net.
19:50 of 3rd period - Slapshot by Joel Edmundson.
19:50 of 3rd period - Deflect By Richard Panik.
19:50 of 3rd period - Stopped by Dustin Tokarski without a rebound.
19:51 of 3rd period - Adam Lowry wins face-off versus Jonathan Marchessault in Gangsters zone.
19:51 of 3rd period - Adam Lowry is hit by Erik Condra.
Goals for this period are 2 for Gangsters vs 3 for Sewer Rats.
Shots for this period are 7 for Gangsters vs 14 for Sewer Rats.
Back to the Top